 Dungeon Crawl Stone Soup version 0.24-a0-520-g8fd06ad0bc (console) character file.

Game seed: 12262465407008517964

770 nht the Grappler (level 7, -1/76 HPs)
             Began as a Vampire Berserker on July 26, 2019.
             Was a Priest of Trog.
             Slain by a bullfrog skeleton (4 damage)
             ... on level 5 of the Dungeon.
             The game lasted 00:04:39 (2254 turns).

nht the Grappler (Vampire Berserker)                Turns: 2254, Time: 00:04:40

Health: -1/76      AC:  3    Str: 21    XL:     7   Next: 52%
Magic:  7/7        EV: 13    Int: 10    God:    Trog [***...]
Gold:   67         SH:  0    Dex: 15    Spells: 6/6 levels left

rFire    + . .     SeeInvis +     - Unarmed
rCold    . . .     Gourm    .   (no shield)
rNeg     . . .     Faith    .   a - +0 animal skin
rPois    .         Spirit   .   s - +0 helmet
rElec    .         Reflect  .   (no cloak)
rCorr    .         Harm     .   (no gloves)
MR       +....                  (no boots)
Stlth    ..........             m - amulet of rage
HPRegen  0.42/turn              c - ring of protection from magic
MPRegen  0.10/turn              r - ring of protection from fire

@: berserking (expiring), regenerating quickly, very quick
A: no food, fangs 3, see invisible, unbreathing
a: Exsanguinate, Berserk, Trog's Hand, Renounce Religion, Evoke Berserk Rage


You were on level 5 of the Dungeon.
You worshipped Trog.
Trog was most pleased with you.
You were alive.

You visited 1 branch of the dungeon, and saw 5 of its levels.

You collected 207 gold pieces.
You spent 140 gold pieces at shops.

Inventory:

Missiles
 o - 12 poisoned darts (quivered)
 q - 3 javelins
Armour
 a - a +0 animal skin (worn)
 s - a +0 helmet (worn)
Jewellery
 c - a ring of protection from magic (left hand)
 m - an amulet of rage (around neck)
 r - a ring of protection from fire (right hand)
Wands
 u - a wand of disintegration (10)
Scrolls
 b - 3 scrolls of immolation {unknown}
 d - 2 scrolls of fog
 f - 2 scrolls of remove curse
 h - 3 scrolls of teleportation {unknown}
 k - 2 scrolls of magic mapping {unknown}
 l - a scroll of enchant armour {unknown}
 n - 2 scrolls of blinking {unknown}
Potions
 e - a potion of magic
 g - 3 potions of heal wounds
 i - 3 potions of curing
 j - 2 potions of invisibility
 p - a potion of might
 t - a potion of flight


   Skills:
 + Level 2.8 Fighting
 + Level 0.5 Throwing
 - Level 1.5 Armour
 + Level 2.4 Dodging
 * Level 9.6 Unarmed Combat


You had 6 spell levels left.
You didn't know any spells.
Your spell library was empty.

Dungeon Overview and Level Annotations

Branches:
Dungeon (5/15)
 Temple: D:4-7

Altars:
Ashenzari
Gozag
Makhleb
Nemelex Xobeh
Qazlal
Sif Muna
The Shining One

Shops:
D:3 *   D:4 !


Innate Abilities, Weirdness & Mutations

You do not eat.
Your natural rate of healing is unusually fast.
You have razor-sharp teeth.
You have supernaturally acute eyesight. (SInv)
You can survive without breathing.


Message History

* * * LOW HITPOINT WARNING * * *
The orc wizard casts a spell.
The orc wizard blinks!
You punch the centaur zombie!
You destroy the centaur zombie!
Trog accepts your kill. The bullfrog skeleton hits you.
* * * LOW HITPOINT WARNING * * *
The orc barely misses you.
You punch the bullfrog skeleton!
Your punch misses the bullfrog skeleton.
The bullfrog skeleton is heavily damaged.
The orc hits you with a +0 club.
* * * LOW HITPOINT WARNING * * *
The bullfrog skeleton hits you but does no damage.
You hit the frilled lizard.
You kill the frilled lizard!
Trog accepts your kill. The orc barely misses you.
The bullfrog skeleton hits you.
You die...

█...█.██............
█<.██.██....§.......
...██..██...............
.........................
█......█..............███
......█████..........███
...... █.....<.........█
...... ..................
...... ......o@.o?.......
..... ....█.o.Z...██████
....█.......█
............
..(...███████ .........
......... ...██....


You could see an orc wizard, 2 orcs and a bullfrog skeleton.

Vanquished Creatures
  An ogre (D:4)
  A centaur (D:4)
  2 scorpions
  A crimson imp (D:5)
  2 centaur zombies (D:5)
  2 hounds
  5 orc priests
  An orc wizard (D:3)
  A worker ant (D:4)
  7 adders
  A worm (D:3)
  2 dart slugs
  A leopard gecko (D:4)
  7 orcs
  4 bats
  7 giant cockroaches
  A goblin (D:2)
  6 hobgoblins
  8 jackals
  11 kobolds
  A ball python (D:2)
  5 frilled lizards
  7 rats
84 creatures vanquished.

Notes
Turn   | Place    | Note
-------+----------+-------------------------------------------
     0 | D:1      | nht the Vampire Berserker began the quest for the Orb.
     0 | D:1      | Reached XP level 1. HP: 17/17 MP: 1/1
   116 | D:1      | Reached XP level 2. HP: 23/23 MP: 2/2
   119 | D:1      | Reached skill level 4 in Unarmed Combat
   550 | D:2      | Reached ** piety under Trog
   560 | D:2      | Reached XP level 3. HP: 19/28 MP: 3/3
   666 | D:2      | Reached skill level 5 in Unarmed Combat
   705 | D:2      | Found a stormy altar of Qazlal.
   707 | D:2      | Found a shattered altar of Ashenzari.
   711 | D:2      | Found a sparkling altar of Nemelex Xobeh.
   711 | D:2      | Found a glowing golden altar of the Shining One.
   712 | D:2      | Found a burning altar of Makhleb.
   957 | D:3      | Reached XP level 4. HP: 32/34 MP: 4/4
  1184 | D:3      | Reached skill level 6 in Unarmed Combat
  1187 | D:3      | Reached XP level 5. HP: 38/39 MP: 5/5
  1203 | D:3      | Found a deep blue altar of Sif Muna.
  1224 | D:3      | Found an opulent altar of Gozag.
  1228 | D:3      | Found Gozag's Platinum Reserve.
  1489 | D:4      | Noticed an ogre
  1496 | D:4      | Killed an ogre
  1496 | D:4      | Reached skill level 7 in Unarmed Combat
  1497 | D:4      | Reached *** piety under Trog
  1535 | D:4      | Found Negagok's Distillery.
  1551 | D:4      | Bought a potion of might for 40 gold pieces
  1551 | D:4      | Bought 2 potions of heal wounds for 100 gold pieces
  1564 | D:4      | Reached XP level 6. HP: 38/46 MP: 6/6
  1589 | D:4      | Reached skill level 8 in Unarmed Combat
  1871 | D:4      | Reached XP level 7. HP: 49/51 MP: 7/7
  1954 | D:4      | Found a sparkling altar of Nemelex Xobeh.
  2149 | D:5      | Entered Level 5 of the Dungeon
  2161 | D:5      | Reached skill level 9 in Unarmed Combat
  2253 | D:5      | HP: 2/76 [orc/+0 club (6)]
  2254 | D:5      | Slain by a bullfrog skeleton

Levels and vault maps discovered:
D:1:      beargit_arrival_greenhouse, layout_basic, minmay_ruptured
D:2:      layout_rooms, minitemple, first_ration
D:3:      layout_loops_cross, lemuel_doored_altar,
          nicolae_gozag_zags_fifth_avenue
D:4:      layout_rooms, serial_forest, infiniplex_forest_corner_1,
          infiniplex_forest_zigzag_1, infiniplex_forest_pool,
          infiniplex_forest_straight_4, infiniplex_forest_clump_tiny,
          infiniplex_forest_lined_2, infiniplex_forest_clump_long, serial_shops,
          nicolae_shop_waterfront, chequers_serial_rivers_micro_d,
          nemelex_diamond_rough_becter
D:5:      layout_cave_pools, basic_altar

Skill      XL: |  1  2  3  4  5  6  7 |
---------------+----------------------+-----
Unarmed Combat | 4 5 6 7 8 9 |  9.6
Fighting       | |  2.8
Throwing       | |  0.5
Armour         | |  1.5
Dodging        | |  2.4

Action                   |  1- 3 |  4- 6 |  7- 9 || total
-------------------------+-------+-------+-------++-------
Melee: Unarmed           |    82 |    98 |    50 ||   230
       Bite              |     8 |    13 |     2 ||    23
       Punch             |     3 |     3 |     2 ||     8
Invok: Berserk           |     2 |     3 |     2 ||     7
  Use: Scroll            |       |     6 |     2 ||     8
 Stab: Sleeping          |     1 |       |     1 ||     2
Armor: Animal skin       |     9 |     7 |    15 ||    31
Dodge: Dodged            |    57 |    60 |    33 ||   150

Table legend:
 A = Non-vault XP
 B = Vault XP
 C = Vault XP percentage of total XP
 D = Non-vault monster count
 E = Vault monster count
 F = Vault count percentage of total count
                 A         B        C        D         E       F
            +---------+---------+-------+---------+---------+-------
      Total |    1095 |       5 |   0.5 |      80 |       4 |   4.8
            +---------+---------+-------+---------+---------+-------
        D:1 |      13 |       5 |  27.8 |       9 |       4 |  30.8
        D:2 |      48 |       0 |   0.0 |      14 |       0 |   0.0
        D:3 |     174 |       0 |   0.0 |      28 |       0 |   0.0
        D:4 |     547 |       0 |   0.0 |      17 |       0 |   0.0
        D:5 |     313 |       0 |   0.0 |      12 |       0 |   0.0
            +---------+---------+-------+---------+---------+-------
